AoeStats
← ᅚᅚᅚᅚ

Arena

504642937Analyzed
4v4 RM · 25d ago on Sep 6, 2026· 61m 12s· 8 players
Game mode
Random Map
Map size
Large (8 player)
Population
200
Speed
Normal
Resources
Standard
Victory
Conquest
Starting age
Dark Age
Ending age
Imperial Age
RankedLock teamsTeams togetherTeam positionsShared explorationLock speedFull tech treeHidden civsTurbo modeCheats
Victory
Defeat
🇨🇳 Lithuanians · China
1361
+12
🇨🇳 Ethiopians · China
1288
+14
🇨🇳 Hindustanis · China
1282
+15
🇨🇳 Portuguese · China
1178
+18
🇲🇽 Lithuanians · Mexico
1280
-16
🇨🇱 Inca · Chile
1257
-15
🇨🇴 Italians · Colombia
1243
-14
🇨🇱 Jurchens · Chile
1236
-14
ederps24
0:31 Loom
10:44 Feudal Age
11:24 Double-Bit Axe
11:25 Horse Collar
19:13 Castle Age
17:58 Gold Mining
19:01 Stone Mining
19:48 Wheelbarrow
18:59 Town Watch
21:03 Heavy Plow
22:05 Bow Saw
27:27 Imperial Age
29:04 Squires
29:00 Fletching
29:33 Ballistics
30:41 Conscription
30:35 Bodkin Arrow
31:51 Chemistry
30:39 Pikeman
32:20 Bracer
32:21 Scale Mail Armor
33:10 Forging
33:01 Padded Archer Armor
35:12 Thumb Ring
35:34 Leather Archer Armor
35:21 Elite Genoese Crossbowman
36:52 Elite Skirmisher
41:42 Hand Cart
41:45 Fortified Wall
41:49 Murder Holes
46:29 Ring Archer Armor
46:05 Scale Barding Armor
46:36 Iron Casting
46:08 Husbandry
46:18 Bloodlines
45:29 Light Cavalry
47:20 Hussar
51:48 Chain Barding Armor
52:53 Masonry
Pelantaro
12:13 Feudal Age
15:56 Castle Age
14:27 Double-Bit Axe
18:29 Bow Saw
19:12 Loom
20:15 Fletching
21:11 Wheelbarrow
22:32 Horse Collar
27:55 Fortified Bastions
30:43 Masonry
31:21 Ballistics
31:36 Bodkin Arrow
33:29 Hand Cart
34:02 Hand Cart
36:42 Imperial Age
34:51 Forging
35:13 Scale Mail Armor
35:34 Squires
35:26 Town Watch
36:50 Chain Mail Armor
36:47 Gold Mining
37:05 Gambesons
37:56 Iron Casting
38:27 Chemistry
37:58 Elite Fire Lancer
39:48 Heavy Plow
40:13 Fortified Wall
40:34 Architecture
43:38 Blast Furnace
42:39 Bracer
42:47 Murder Holes
43:24 Arson
44:05 Conscription
44:22 Siege Engineers
44:58 Hoardings
46:35 Gold Shaft Mining
48:38 Pikeman
54:40 Two-Man Saw
53:05 Capped Ram
53:41 Halberdier
53:59 Siege Ram
ᅚᅚᅚᅚ
12:12 Feudal Age
13:18 Double-Bit Axe
16:07 Castle Age
14:01 Horse Collar
17:12 Bow Saw
19:00 Heavy Plow
19:21 Town Watch
24:27 Wheelbarrow
31:32 Imperial Age
29:03 Gold Mining
30:29 Hand Cart
30:51 Gold Shaft Mining
30:02 Loom
31:12 Scale Mail Armor
31:24 Forging
32:14 Ballistics
31:35 Heavy Scorpion
33:29 Siege Engineers
33:06 Treadmill Crane
36:52 Conscription
36:49 Chain Mail Armor
37:19 Elite Kamayuk
39:00 Plate Mail Armor
39:06 Iron Casting
39:11 Hoardings
38:51 Capped Ram
40:09 Squires
40:35 Fletching
41:04 Fortified Wall
41:54 Chemistry
40:58 Padded Archer Armor
40:48 Elite Skirmisher
41:12 Sappers
42:22 Bodkin Arrow
43:28 Blast Furnace
48:36 Bracer
48:51 Leather Archer Armor
50:17 Champi Runner
50:43 Arson
51:39 Champi Warrior
53:39 Crop Rotation
53:24 Andean Sling
54:58 Elite Champi Warrior
56:46 Ring Archer Armor
59:03 Pikeman
TíoHo Tlaltecuhtli
10:37 Feudal Age
12:41 Loom
15:22 Castle Age
13:49 Double-Bit Axe
14:03 Gold Mining
16:31 Forging
18:07 Loom
20:09 Horse Collar
21:15 Stone Mining
22:02 Heavy Plow
25:12 Iron Casting
25:27 Scale Barding Armor
26:06 Bow Saw
27:19 Redemption
31:20 Imperial Age
29:50 Bloodlines
31:33 Husbandry
31:54 Cavalier
34:00 Town Watch
37:04 Wheelbarrow
40:55 Stone Shaft Mining
45:16 Chain Barding Armor
TheHong
10:21 Feudal Age
13:58 Castle Age
11:59 Double-Bit Axe
11:57 Horse Collar
15:46 Bow Saw
20:25 Bow Saw
20:38 Loom
21:51 Heavy Plow
23:52 Wheelbarrow
27:02 Imperial Age
24:45 Gold Mining
24:59 Fletching
25:09 Padded Archer Armor
25:17 Stone Mining
25:33 Bodkin Arrow
26:21 Town Watch
26:52 Leather Archer Armor
27:41 Hand Cart
27:44 Bracer
28:43 Ballistics
29:47 Chemistry
30:11 Two-Man Saw
29:18 Thumb Ring
30:02 Ring Archer Armor
29:49 Heavy Cavalry Archer
30:48 Husbandry
31:23 Bloodlines
31:47 Light Cavalry
32:33 Scale Barding Armor
32:38 Forging
33:27 Crop Rotation
33:28 Chain Barding Armor
33:53 Stone Shaft Mining
33:56 Conscription
34:21 Iron Casting
36:36 Plate Barding Armor
35:23 Winged Hussar
38:28 Fervor
43:15 Cavalier
44:35 Paladin
48:05 Masonry
47:36 Treadmill Crane
47:51 Murder Holes
49:10 Architecture
48:37 Murder Holes
48:51 Elite Leitis
50:48 Hoardings
9LMB
10:27 Feudal Age
14:00 Castle Age
12:14 Double-Bit Axe
13:35 Horse Collar
20:58 Wheelbarrow
24:17 Hand Cart
24:19 Town Watch
25:55 Loom
26:34 Bow Saw
29:25 Imperial Age
27:16 Scale Barding Armor
27:44 Forging
28:14 Chain Barding Armor
28:27 Bloodlines
28:18 Husbandry
29:22 Heavy Plow
30:23 Coinage
29:54 Grand Trunk Road
29:33 Heavy Camel Rider
30:56 Plate Barding Armor
30:58 Iron Casting
30:45 Conscription
32:35 Blast Furnace
32:35 Gold Mining
32:08 Imperial Camel Rider
35:05 Fletching
35:16 Padded Archer Armor
35:19 Light Cavalry
37:17 Bodkin Arrow
37:38 Leather Archer Armor
37:39 Elite Ghulam
38:38 Scale Mail Armor
38:03 Hussar
39:42 Elite Skirmisher
40:29 Thumb Ring
41:12 Chain Mail Armor
41:28 Ballistics
42:08 Chemistry
41:21 Masonry
42:13 Bracer
43:37 Gold Shaft Mining
42:53 Stone Mining
44:59 Ring Archer Armor
47:42 Hoardings
48:00 Siege Engineers
47:51 Murder Holes
48:07 Fortified Wall
53:58 Squires
53:44 Arson
55:46 Caravan
58:45 Shatagni
房东四十
10:47 Feudal Age
11:22 Double-Bit Axe
12:01 Horse Collar
15:16 Gold Mining
18:07 Castle Age
16:42 Stone Mining
19:05 Bow Saw
18:57 Heavy Plow
20:15 Stone Shaft Mining
22:01 Gold Mining
28:33 Imperial Age
27:54 Fortified Wall
28:41 Masonry
30:42 Chemistry
31:11 Wheelbarrow
31:17 Fletching
31:16 Crossbowman
32:14 Bodkin Arrow
32:20 Padded Archer Armor
32:43 Thumb Ring
31:59 Arbalester
35:13 Bracer
40:10 Hand Cart
39:41 Loom
39:42 Town Watch
41:44 Leather Archer Armor
41:53 Light Cavalry
42:43 Bloodlines
42:35 Husbandry
43:16 Town Patrol
46:34 Bloodlines
aWin
10:14 Feudal Age
11:29 Loom
15:31 Castle Age
13:45 Double-Bit Axe
28:29 Gold Mining
30:25 Fortified Wall
36:55 Imperial Age
37:05 Stone Mining
38:51 Wheelbarrow
39:28 Fletching
39:32 Horse Collar
45:00 Bodkin Arrow
45:06 Padded Archer Armor
45:30 Ballistics
45:20 Masonry
46:02 Crossbowman
46:54 Thumb Ring
47:24 Conscription
46:50 Arbalester
48:50 Chemistry
50:06 Bracer
50:22 Leather Archer Armor
50:54 Bow Saw
51:22 Gold Shaft Mining
51:42 Elite Skirmisher
Connection lost

Rejoining the realm…

Still unreachable

The connection could not be restored.

Session expired

The server has moved on; the page needs a fresh start.